 Dungeon Crawl Stone Soup version 0.31-a0-1424-g2add1c7226 (webtiles) character file.

Game seed: 1346436020149610611

2103 Sonofthefire the Fighter (level 9, -1/100 HPs)
             Began as an Octopode Shapeshifter on Dec 27, 2023.
             Was a Follower of Dithmenos.
             Killed by divine providence
             ... invoked by an orc priest
              (10 damage)
             ... on level 7 of the Dungeon.
             The game lasted 00:14:11 (6738 turns).

Sonofthefire the Fighter (Octopode Shapeshifter)    Turns: 6738, Time: 00:14:12

Health: -1/100     AC: 24    Str: 13 (14) XL:     9   Next: 28%
Magic:  9/9        EV:  2    Int:  9 (12) God:    Dithmenos [*.....]
Gold:   321        SH:  0    Dex: 12 (15) Spells: 8/8 levels left

rFire   . .          .
                       - Unarmed
rCold   . . .        (no shield)
rNeg    . . .        (helmet currently unavailable)
rPois   +            (no amulet)
rElec   .            (no ring)
rCorr   .            (no ring)
SInv    .            (no ring)
Will    .....        (no ring)
Stlth   +++          (no ring)
HPRegen 0.36/turn    (no ring)
MPRegen 0.11/turn    (no ring)
                     (no ring)

%: no passive effects
@: tree-form, hasted, wreathed by umbra, very quick
A: stationary, stasis, torment immunity, boosted hp, almost no armour,
(amphibious), 8 rings, (camouflage 1), (gelatinous body 1), (nimble swimmer 1),
(tentacles)
a: Renounce Religion


You were on level 7 of the Dungeon.
You worshipped Dithmenos.
Dithmenos was aware of your devotion.
You were a tree.
You visited 2 branches of the dungeon, and saw 8 of its levels.

You collected 321 gold pieces.

Inventory:

Jewellery
 o - a ring of fire
Talismans
 b - a beast talisman
 c - a flux talisman
 y - a granite talisman (active)
Wands
 l - a wand of paralysis (4)
Scrolls
 d - a scroll of immolation {unknown}
 e - 6 scrolls of teleportation {unknown}
 g - a scroll of vulnerability {unknown}
 i - 2 scrolls of fog {unknown}
 m - 2 scrolls of poison {unknown}
 x - a scroll of noise {unknown}
 z - a scroll of identify {unknown}
Potions
 f - a potion of magic
 h - a potion of degeneration
 k - a potion of cancellation {unknown}
 n - a potion of ambrosia {unknown}
 p - 3 potions of heal wounds {unknown}
 q - 3 potions of mutation {unknown}
 r - a potion of invisibility {unknown}
 s - 3 potions of curing {unknown}
 t - a potion of berserk rage {unknown}
 u - a potion of attraction {unknown}
 v - a potion of might {unknown}
 w - a potion of resistance {unknown}


   Skills:
 - Level 8.4 Fighting
 + Level 2.0 Dodging
 + Level 3.4 Stealth
 - Level 3.0 Unarmed Combat
 + Level 8.0 Shapeshifting


You had 8 spell levels left.
You didn't know any spells.
Your spell library contained the following spells:

 Spells                   Type           Power      Damage    Failure   Level
 Vhi's Electric Charge    Tloc/Air       0%         N/A       99%         4
 Arcjolt                  Conj/Air       0%         1d10      100%        5
 Maxwell's Capacitive Co  Air            0%         ∞         100%        8


Dungeon Overview and Level Annotations

Branches:
Dungeon (7/15)             Temple (1/1) D:6

Altars:
Ashenzari
Cheibriados
Dithmenos
Elyvilon
Fedhas
Gozag
Hepliaklqana
Kikubaaqudgha
Makhleb
Nemelex Xobeh
Okawaru
Qazlal
Ru
Sif Muna
Uskayaw
Vehumet
Wu Jian
Xom
Yredelemnul
Zin
The Shining One

Shops:
D:3 [


Innate Abilities, Weirdness & Mutations

You are a tree.
Your roots penetrate the ground, keeping you stationary.
You cannot be teleported.
You are immune to unholy pain and torment.
Your maximum health is greatly increased.
You cannot wear most types of armour.
((You are amphibious.))
You can wear up to eight rings at the same time.
You are immune to poison.
((Your skin changes colour to match your surroundings (Stealth+).))
((Your rubbery body absorbs attacks. (AC +1, EV +1)))
((You are camouflaged when in or above water. (Stealth+)))
((You have tentacles for arms and can constrict up to eight enemies at once.))


Message History

The orc is severely wounded.
You constrict the orc. The orc hits you with a +0 hand axe.
An orc is nearby!
You tentacle-slap the orc.
You kill the orc!
Dithmenos accepts your kill.
You start resting.
HP restored.
You begin transforming.
You continue transforming. x3
Your transformation has ended.
You turn into a living statue of rough stone.
Things that are here:
a +1 dagger of draining; a +0 leather armour; an orc corpse
Items here: )) [ ††.
An orc warrior comes into view. It is wielding a +0 hand axe.
Found 10 gold pieces. 2 orc priests come into view.
The orc warrior hits you with a +0 hand axe!
Ouch! That really hurt!
The orc priest shouts!
You are too injured to fight recklessly!
You revert to your normal fleshy form.
You turn into a tree.
Your roots penetrate the ground.
The orc warrior hits you but does no damage.
The orc warrior barely misses you.
It was a potion of magic.
Magic courses through your body. The orc warrior completely misses you.
The orc priest hits you but does no damage. x2
It was a potion of degeneration.
There was something very wrong with that liquid.
You feel weakened.
You feel dopey.
You feel clumsy.
The orc warrior hits you but does no damage.
The orc priest hits you with a +0 mace.
* * * LOW HITPOINT WARNING * * *
The orc priest hits you but does no damage.
It was a potion of haste.
You feel yourself speed up.
The orc warrior hits you but does no damage.
The orc priest calls down the wrath of Beogh upon you.
Beogh smites you!
You die...

.......###
#.....#####
........###..#....###
......#............##
#.#....#########....
##.#.##.## ##...
#........# ##..
#$.......### #...
#..o........# #...
#..o♣....##..# #...
......o.....# .. ##..
.###........# # ##.
#........# ##
##########


You could see an orc warrior and 2 orc priests.

Vanquished Creatures
  Eustachio (D:5)
  Menkaure (D:6)
  A water moccasin (D:7)
  A black bear (D:6)
  3 ogres
  2 ice beasts (D:6)
  A sky beast (D:6)
  4 phantoms
  A bullfrog (D:7)
  A gnoll sergeant (D:6)
  A scorpion (D:5)
  A bombardier beetle (D:6)
  A jelly (D:7)
  A quasit (D:7)
  3 hounds
  2 orc priests
  2 iguanas
  Terence (D:3)
  An orc wizard (D:5)
  7 gnolls
  5 adders
  4 white imps
  5 ufetubi
  4 dart slugs
  16 orcs
  6 ball pythons
  5 bats
  7 endoplasms
  2 giant cockroaches
  8 goblins
  7 hobgoblins
  4 jackals
  3 quokkas
  6 frilled lizards
  3 kobolds
  6 rats
127 creatures vanquished.

Notes
Turn   | Place    | Note
-------+----------+-------------------------------------------
     0 | D:1      | Sonofthefire the Octopode Shapeshifter began the quest for
                  | the Orb.
     0 | D:1      | Reached XP level 1. HP: 13/13 MP: 1/1
    37 | D:2      | Reached XP level 2. HP: 7/19 MP: 2/2
   206 | D:2      | Reached XP level 3. HP: 22/25 MP: 3/3
   488 | D:3      | Noticed Terence
   492 | D:3      | Killed Terence
   493 | D:3      | Reached XP level 4. HP: 12/31 MP: 4/4
   754 | D:3      | Found Ulab's Antique Armour Shoppe.
  1090 | D:4      | Noticed a phantom
  1101 | D:4      | Killed a phantom
  1102 | D:4      | Reached XP level 5. HP: 12/37 MP: 5/5
  1866 | D:4      | Found the +12 glaive of Prune {freeze, Prune}
  2129 | D:5      | Entered Level 5 of the Dungeon
  2210 | D:2      | Found a faded altar of an unknown god.
  2588 | D:1      | Reached XP level 6. HP: 31/44 MP: 6/6
  3312 | D:5      | Reached skill level 5 in Fighting
  3498 | D:5      | Reached skill level 5 in Shapeshifting
  3498 | D:5      | Reached XP level 7. HP: 3/50 MP: 7/7
  4113 | D:5      | Noticed Eustachio
  4136 | D:5      | Killed Eustachio
  4626 | D:5      | Found a sparkling altar of Nemelex Xobeh.
  4796 | D:5      | Reached XP level 8. HP: 49/58 MP: 8/8
  5061 | D:6      | Found a staircase to the Ecumenical Temple.
  5076 | Temple   | Entered the Ecumenical Temple
  5124 | Temple   | Became a worshipper of Dithmenos the Shadowed
  5215 | D:6      | Noticed Menkaure
  5223 | D:6      | Killed Menkaure
  5670 | D:6      | Found an ornate altar of the Wu Jian Council.
  6032 | D:6      | Reached XP level 9. HP: 65/66 MP: 9/9
  6372 | D:7      | Reached skill level 1 in Stealth
  6458 | D:7      | Reached * piety under Dithmenos
  6738 | D:7      | Killed from afar by an orc priest

Illustrated notes

Levels and vault maps discovered:
D:1:      dpeg_arrival_pits, layout_basic, dreamdust_wishing_well,
          minmay_misc_feat_more_columns
D:2:      layout_rooms, hellmonk_ecumenical_altar_arch_garden
D:3:      layout_loops_ring, serial_shops, shop, minmay_tree_intersection,
          uniq_terence
D:4:      layout_loops_ring, minmay_misc_feat_plants, chequers_arboretum,
          nicolae_figureground_pulse
D:5:      layout_layer_cave, nemelex_diamond_rough_becter, serial_bayou,
          serial_bayou_lagoon_a, serial_bayou_ford_a, serial_bayou_pond_a,
          serial_bayou_pond_b, serial_bayou_pond_c, serial_bayou_shore_a,
          uniq_eustachio
D:6:      layout_loops_ring, lemuel_round_altar, minmay_temple_entry_arrows,
          uniq_menkaure
D:7:      layout_rooms, serial_demonic, serial_demonic_b, serial_demonic_d,
          serial_demonic_d, serial_demonic_d, serial_demonic_f,
          serial_demonic_b, serial_shops, shop_coins
Temple:   hellmonk_temple_of_storms

Skill      XL: |  1  2  3  4  5  6  7  8  9 |
---------------+----------------------------+-----
Fighting       | 2 3 4 5 6 8 |  8.4
Shapeshifting  | 4 5 6 7 8 |  8.0
Stealth        | 3 |  3.4
Dodging        | |  2.0
Unarmed Combat | |  3.0

Action                     |  1- 3 |  4- 6 |  7- 9 || total
---------------------------+-------+-------+-------++-------
  Melee: Unarmed           |    41 |   134 |   189 ||   364
         Constrict         |    11 |    35 |    35 ||    81
         Tentacles         |     9 |    37 |    41 ||    87
    Use: Potion            |       |       |     6 ||     6
   Stab: Sleeping          |     4 |     1 |       ||     5
 Armour: Skin              |    14 |    44 |   128 ||   186
  Dodge: Dodged            |    24 |    96 |   143 ||   263
   Form: Flux              |     1 |       |       ||     1
         Statue            |       |       |     1 ||     1

Table legend: (Time is in decaauts)
 A = Elapsed time spent in this place.
 B = Non-inter-level travel time spent in this place.
 C = Inter-level travel time spent in this place.
 D = Time resting spent in this place.
 E = Time spent auto-exploring this place.
 F = Levels seen in this place.
 G = Mean time per level.
                   A        B        C        D        E       F      G
               +--------+--------+--------+--------+--------+-----+--------+
         Total |   6747 |   6476 |    271 |   2242 |   3338 |   8 |  843.4 |
       Dungeon |   6687 |   6416 |    271 |   2222 |   3338 |   7 |  955.3 |
        Temple |     59 |     59 |      0 |     20 |      0 |   1 |   59.0 |
               +--------+--------+--------+--------+--------+-----+--------+

Top non-repeatable levels by time:
     D:5: 1661 daAuts
     D:6: 1210 daAuts
     D:4: 1140 daAuts
     D:1: 917 daAuts
     D:3: 789 daAuts
     D:2: 493 daAuts
     D:7: 474 daAuts
  Temple: 59 daAuts
